TOP OF THE 1ST |
---|
Miami Hurricanes batting - Pitching for Southern California Trojans : RHP Micheal Farr | Pitching: RHP Micheal Farr | | Batting: RHB Thad Hunter | 0-0: Ball 1-0: Called Strike 1-1: Ball 2-1: Ball 3-1: Foul Ball, location: 2F 3-2: Strikes out looking | Batting: RHB Eric Hillman | 0-0: Ball 1-0: Ball 2-0: Fly out, F9 (Flyball, 9S) | Batting: RHB Stephen Segura | 0-0: Called Strike 0-1: Ball 1-1: Swinging Strike 1-2: Ball 2-2: Foul Ball, location: 2F 2-2: Ball 3-2: SINGLE (Groundball, 6MD) | Batting: RHB Eric Hawkins | 0-0: Ball 1-0: Called Strike 1-1: Ball 2-1: Ball 3-1: Foul Ball, location: 2F 3-2: Fly out, F6 (Popup, 6MD) | Top of the 1st over - 0 runs, 1 hit, 0 errors, 1 left on base; Miami 0 - Southern California 0 | BOTTOM OF THE 1ST |
---|
Southern California Trojans batting - Pitching for Miami Hurricanes : LHP Máximo De Jesús | Pitching: LHP Máximo De Jesús | | Batting: RHB Chris Bennett | 0-0: Foul Ball, location: 2F 0-1: Foul Ball, location: 2F 0-2: Fly out, F4 (Line Drive, 4M) | Batting: RHB Homer Griffin | 0-0: Called Strike 0-1: Ball 1-1: Ball 2-1: Foul Ball, location: 2F 2-2: Ball 3-2: Base on Balls | Batting: RHB Ben Martínez | 0-0: Foul Ball, location: 2F 0-1: Swinging Strike 0-2: Foul Ball, location: 2F 0-2: Ball 1-2: Hit by Pitch Homer Griffin to second | Batting: RHB John Fergusson | 0-0: Ball 1-0: Called Strike 1-1: Called Strike 1-2: Foul Ball, location: 2F 1-2: Foul Ball, location: 2F 1-2: Grounds into double play, 5-4-3 (Groundball, 5) | Bottom of the 1st over - 0 runs, 0 hits, 0 errors, 1 left on base; Miami 0 - Southern California 0 | TOP OF THE 2ND |
---|
Miami Hurricanes batting - Pitching for Southern California Trojans : RHP Micheal Farr | Batting: RHB Joe Wild | 0-0: Ball 1-0: Swinging Strike 1-1: Called Strike 1-2: Fly out, F7 (Flyball, 7) | Batting: LHB José Méndez | 0-0: Ball 1-0: Ball 2-0: Called Strike 2-1: Foul Ball, location: 2F 2-2: Hit by Pitch | Batting: SHB Roy Johnston | 0-0: Swinging Strike 0-1: Foul Ball, location: 2F 0-2: Ball 1-2: Strikes out swinging | Batting: RHB Kevin Magee | 0-0: Called Strike 0-1: Ball 1-1: Foul Ball, location: 2F 1-2: Strikes out swinging | Top of the 2nd over - 0 runs, 0 hits, 0 errors, 1 left on base; Miami 0 - Southern California 0 | BOTTOM OF THE 2ND |
---|
Southern California Trojans batting - Pitching for Miami Hurricanes : LHP Máximo De Jesús | Batting: RHB Keith Jewell | 0-0: Ball 1-0: Ball 2-0: Ball 3-0: Called Strike 3-1: Base on Balls | Batting: SHB Will O'Clerkin | 0-0: Called Strike 0-1: Grounds into double play, 4-6-3 (Groundball, 34) | Batting: RHB Brian Bailey | 0-0: Ball 1-0: Fly out, F4 (Line Drive, 34) | Bottom of the 2nd over - 0 runs, 0 hits, 0 errors, 0 left on base; Miami 0 - Southern California 0 | TOP OF THE 3RD |
---|
Miami Hurricanes batting - Pitching for Southern California Trojans : RHP Micheal Farr | Batting: LHB Walton Arnold | 0-0: Hit by Pitch | Batting: RHB Thad Hunter | 0-0: Ball 1-0: Called Strike 1-1: Fly out, F6 (Popup, P) | Batting: RHB Eric Hillman | 0-0: Ball 1-0: Swinging Strike 1-1: Ball 2-1: Swinging Strike 2-2: Strikes out swinging | Batting: RHB Stephen Segura | 0-0: Ball 1-0: Foul Ball, location: 2F 1-1: Called Strike 1-2: SINGLE (Line Drive, 7S) Walton Arnold to second | Batting: RHB Eric Hawkins | 0-0: Ball 1-0: Called Strike 1-1: Ball 2-1: Ball 3-1: Swinging Strike 3-2: Base on Balls Walton Arnold to third Stephen Segura to second | Batting: RHB Joe Wild | 0-0: Ball 1-0: Fly out, F4 (Popup, 34) | Top of the 3rd over - 0 runs, 1 hit, 0 errors, 3 left on base; Miami 0 - Southern California 0 | BOTTOM OF THE 3RD |
---|
Southern California Trojans batting - Pitching for Miami Hurricanes : LHP Máximo De Jesús | Batting: LHB Gene Riddle | 0-0: Called Strike 0-1: Swinging Strike 0-2: Strikes out swinging | Batting: RHB Aaron González | 0-0: Foul Ball, location: 2F 0-1: SINGLE (Groundball, 56D) | Batting: RHB Chris Bennett | 0-0: Ball 1-0: Ball 2-0: Called Strike 2-1: Ball 3-1: Base on Balls Aaron González to second | Batting: RHB Homer Griffin | 0-0: Fly out, F8 (Flyball, 89M) | Batting: RHB Ben Martínez | 0-0: Fly out, F9 (Flyball, 9) | Bottom of the 3rd over - 0 runs, 1 hit, 0 errors, 2 left on base; Miami 0 - Southern California 0 | TOP OF THE 4TH |
---|
Miami Hurricanes batting - Pitching for Southern California Trojans : RHP Micheal Farr | Batting: LHB José Méndez | 0-0: Ball 1-0: Ball 2-0: Called Strike 2-1: Fly out, F8 (Flyball, 8RS) | Batting: SHB Roy Johnston | 0-0: Reached on error, E4 (Groundball, 4) | Batting: RHB Kevin Magee | 0-0: Ball 1-0: Swinging Strike 1-1: Ball 2-1: Ball 3-1: Base on Balls Roy Johnston to second | Batting: LHB Walton Arnold | 0-0: Ball Wild Pitch! Roy Johnston to third Kevin Magee to second 1-0: Called Strike 1-1: Fly out, F5 (Popup, 5S) | Batting: RHB Thad Hunter | 0-0: Ball 1-0: Called Strike 1-1: Ball 2-1: 3-RUN HOME RUN (Line Drive, 7LD), Distance : 321 ft | Batting: RHB Eric Hillman | 0-0: Ball 1-0: SINGLE (Groundball, 6MD) | Batting: RHB Stephen Segura | 0-0: Called Strike 0-1: Ball 1-1: Fly out, F7 (Flyball, 78D) | Top of the 4th over - 3 runs, 2 hits, 1 error, 1 left on base; Miami 3 - Southern California 0 | BOTTOM OF THE 4TH |
---|
Southern California Trojans batting - Pitching for Miami Hurricanes : LHP Máximo De Jesús | Batting: RHB John Fergusson | 0-0: Ground out 5-3 (Groundball, 5L) | Batting: RHB Keith Jewell | 0-0: Ball 1-0: Ball 2-0: Ball 3-0: Called Strike 3-1: Swinging Strike 3-2: Strikes out looking | Batting: SHB Will O'Clerkin | 0-0: Ball 1-0: Ball 2-0: Fly out, F8 (Flyball, 8RM) | Bottom of the 4th over - 0 runs, 0 hits, 0 errors, 0 left on base; Miami 3 - Southern California 0 | TOP OF THE 5TH |
---|
Miami Hurricanes batting - Pitching for Southern California Trojans : RHP Micheal Farr | Pitching: LHP Jeffery Ritchie | | Batting: RHB Eric Hawkins | 0-0: Called Strike 0-1: Ball 1-1: Ball 2-1: Ball 3-1: Called Strike 3-2: Base on Balls | Batting: RHB Joe Wild | 0-0: Ball 1-0: Ball 2-0: Ball 3-0: Called Strike 3-1: Grounds into double play, 4-6-3 (Groundball, 4) | Batting: LHB José Méndez | 0-0: Ball 1-0: Ball 2-0: Foul Ball, location: 2F 2-1: Foul Ball, location: 2F 2-2: Ball 3-2: SINGLE (Flyball, 9LS) | Batting: SHB Roy Johnston | 0-0: Called Strike 0-1: Ball 1-1: Foul Ball, location: 2F 1-2: Ball 2-2: Strikes out swinging | Top of the 5th over - 0 runs, 1 hit, 0 errors, 1 left on base; Miami 3 - Southern California 0 | BOTTOM OF THE 5TH |
---|
Southern California Trojans batting - Pitching for Miami Hurricanes : LHP Máximo De Jesús | Batting: RHB Brian Bailey | 0-0: Called Strike 0-1: Fly out, F9 (Flyball, 89M) | Batting: LHB Gene Riddle | 0-0: SOLO HOME RUN (Flyball, 9LD), Distance : 334 ft | Batting: RHB Aaron González | 0-0: Ball 1-0: SINGLE (Line Drive, 6MD) | Batting: RHB Chris Bennett | 0-0: Ball 1-0: Ball 2-0: Ball 3-0: Base on Balls Aaron González to second | Batting: RHB Homer Griffin | 0-0: SINGLE (Groundball, 4MD) Aaron González to third Chris Bennett to second Runner from 3rd tries for Home, throw and OUT! Chris Bennett to third Homer Griffin to second | Batting: RHB Ben Martínez | 0-0: Called Strike 0-1: Ball 1-1: Swinging Strike 1-2: Ball 2-2: Hit by Pitch | Batting: RHB John Fergusson | 0-0: Ball 1-0: Ball 2-0: Ball 3-0: Called Strike 3-1: SINGLE (Groundball, 56D) Chris Bennett scores Homer Griffin to third Ben Martínez to second Runner from 3rd tries for Home, SAFE, throw made home | Batting: RHB Keith Jewell | 0-0: Called Strike 0-1: SINGLE (Flyball, 9LS) Ben Martínez to third John Fergusson to second Runner from 3rd tries for Home, throw and OUT! | Bottom of the 5th over - 3 runs, 5 hits, 0 errors, 2 left on base; Miami 3 - Southern California 3 | TOP OF THE 6TH |
---|
Miami Hurricanes batting - Pitching for Southern California Trojans : LHP Jeffery Ritchie | Batting: RHB Kevin Magee | 0-0: Called Strike 0-1: SINGLE (Groundball, 56D) | Batting: LHB Walton Arnold | 0-0: Ball 1-0: Ball 2-0: Ball 3-0: Base on Balls Kevin Magee to second | Batting: RHB Thad Hunter | 0-0: Ball 1-0: Called Strike 1-1: SINGLE (Groundball, 3D) Kevin Magee to third Walton Arnold to second | Batting: RHB Eric Hillman | 0-0: Foul Ball, location: 2F 0-1: Fly out, F8 (Flyball, 8LM) | Batting: RHB Stephen Segura | 0-0: Ball 1-0: Foul Ball, location: 2F 1-1: Swinging Strike 1-2: Ball 2-2: Strikes out swinging | Batting: RHB Eric Hawkins | 0-0: Ball 1-0: Foul Ball, location: 2F 1-1: Foul Ball, location: 2F 1-2: Ball 2-2: Strikes out swinging | Top of the 6th over - 0 runs, 2 hits, 0 errors, 3 left on base; Miami 3 - Southern California 3 | BOTTOM OF THE 6TH |
---|
Southern California Trojans batting - Pitching for Miami Hurricanes : LHP Máximo De Jesús | Batting: SHB Will O'Clerkin | 0-0: Ball 1-0: Ball 2-0: Ball 3-0: Called Strike 3-1: Base on Balls | Batting: RHB Brian Bailey | 0-0: Called Strike 0-1: Ball 1-1: Ball 2-1: Called Strike Will O'Clerkin steals 2nd base 2-2: 2-RUN HOME RUN (Flyball, 7D), Distance : 358 ft | Pitching: RHP Mike Davis | | Batting: LHB Gene Riddle | 0-0: Ball 1-0: Ball 2-0: Ball 3-0: Foul Ball, location: 2F 3-1: Foul Ball, location: 2F 3-2: SINGLE (Popup, 15S) | Batting: RHB Aaron González | 0-0: Ball 1-0: 2-RUN HOME RUN (Flyball, 7LD), Distance : 315 ft | Pitching: RHP Carl Cook | | Batting: RHB Chris Bennett | 0-0: Ball 1-0: Foul Ball, location: 2F 1-1: Foul Ball, location: 2F 1-2: Ball 2-2: Foul Ball, location: 2F 2-2: Strikes out looking | Batting: RHB Homer Griffin | 0-0: Swinging Strike 0-1: Foul Ball, location: 2F 0-2: Ball 1-2: Ball 2-2: Foul Ball, location: 2F 2-2: Strikes out swinging | Batting: RHB Ben Martínez | 0-0: Foul Ball, location: 2F 0-1: Ball 1-1: Ball 2-1: Called Strike 2-2: Strikes out swinging | Bottom of the 6th over - 4 runs, 3 hits, 0 errors, 0 left on base; Miami 3 - Southern California 7 | TOP OF THE 7TH |
---|
Miami Hurricanes batting - Pitching for Southern California Trojans : LHP Jeffery Ritchie | Batting: RHB Joe Wild | 0-0: Foul Ball, location: 2F 0-1: Fly out, F4 (Popup, 34D) | Batting: LHB José Méndez | 0-0: Ball 1-0: Foul Ball, location: 2F 1-1: Ball 2-1: Foul Ball, location: 2F 2-2: Foul Ball, location: 2F 2-2: Ball 3-2: Fly out, F8 (Flyball, 89D) | Batting: SHB Roy Johnston | 0-0: Foul Ball, location: 2F 0-1: Ball 1-1: Called Strike 1-2: Ball 2-2: Ball 3-2: Base on Balls | Pitching: LHP Félix Velasco | | Batting: RHB Kevin Magee | 0-0: Ball 1-0: Called Strike 1-1: Foul Ball, location: 2F 1-2: Strikes out looking | Top of the 7th over - 0 runs, 0 hits, 0 errors, 1 left on base; Miami 3 - Southern California 7 | BOTTOM OF THE 7TH |
---|
Southern California Trojans batting - Pitching for Miami Hurricanes : RHP Carl Cook | Batting: RHB John Fergusson | 0-0: Foul Ball, location: 2F 0-1: Foul Ball, location: 2F 0-2: Strikes out looking | Batting: RHB Keith Jewell | 0-0: Called Strike 0-1: Ball 1-1: Ball 2-1: Swinging Strike 2-2: Foul Ball, location: 2F 2-2: Foul Ball, location: 2F 2-2: Foul Ball, location: 2F 2-2: Strikes out swinging | Batting: SHB Will O'Clerkin | 0-0: SINGLE (Line Drive, 89S) | Batting: RHB Brian Bailey | 0-0: Ball 1-0: Ball 2-0: Foul Ball, location: 2F 2-1: Called Strike 2-2: Fielders Choice at 2nd, 6-4 (Groundball, 6) | Bottom of the 7th over - 0 runs, 1 hit, 0 errors, 1 left on base; Miami 3 - Southern California 7 | TOP OF THE 8TH |
---|
Miami Hurricanes batting - Pitching for Southern California Trojans : LHP Félix Velasco | Batting: LHB Walton Arnold | 0-0: Ball 1-0: Called Strike 1-1: Called Strike 1-2: Ball 2-2: Foul Ball, location: 2F 2-2: Foul Ball, location: 2F 2-2: Strikes out swinging, 2-3 out at first. | Batting: RHB Thad Hunter | 0-0: SINGLE (Line Drive, 5D) | Batting: RHB Eric Hillman | 0-0: Called Strike 0-1: Fly out, F7 (Line Drive, 78D) | Batting: RHB Stephen Segura | 0-0: Ball 1-0: Ball 2-0: Ball 3-0: Called Strike 3-1: Foul Ball, location: 2F 3-2: Strikes out swinging | Top of the 8th over - 0 runs, 1 hit, 0 errors, 1 left on base; Miami 3 - Southern California 7 | BOTTOM OF THE 8TH |
---|
Southern California Trojans batting - Pitching for Miami Hurricanes : RHP Carl Cook | Batting: LHB Gene Riddle | 0-0: Ball 1-0: Called Strike 1-1: Ball 2-1: Ball 3-1: Base on Balls | Batting: RHB Aaron González | 0-0: SINGLE (Line Drive, 78S) Gene Riddle to second | Batting: RHB Chris Bennett | 0-0: Called Strike 0-1: Ball 1-1: Fly out, F8 (Line Drive, 8LM) | Batting: RHB Homer Griffin | 0-0: Ball 1-0: Foul Ball, location: 2F 1-1: Ball 2-1: Ball 3-1: Base on Balls Gene Riddle to third Aaron González to second | Batting: RHB Ben Martínez | 0-0: Foul Ball, location: 2F 0-1: Ball 1-1: Ball 2-1: Foul Ball, location: 2F 2-2: Ball 3-2: Base on Balls Gene Riddle scores Aaron González to third Homer Griffin to second | Batting: RHB John Fergusson | 0-0: Ball 1-0: DOUBLE (Flyball, 8LXD) Aaron González scores Homer Griffin scores Ben Martínez to third | Batting: RHB Keith Jewell | 0-0: Swinging Strike 0-1: Swinging Strike 0-2: Ground out 5-3 (Groundball, 56) Ben Martínez scores | Batting: SHB Will O'Clerkin | 0-0: SINGLE (Groundball, 3D) John Fergusson to third Runner from 3rd tries for Home, throw and OUT! | Bottom of the 8th over - 4 runs, 3 hits, 0 errors, 1 left on base; Miami 3 - Southern California 11 | TOP OF THE 9TH |
---|
Miami Hurricanes batting - Pitching for Southern California Trojans : LHP Félix Velasco | Now at C: Greg Burnett | | Batting: RHB Eric Hawkins | 0-0: Foul Ball, location: 2F 0-1: Ball 1-1: Ball 2-1: Foul Ball, location: 2F 2-2: Fly out, F9 (Flyball, 9D) | Batting: RHB Joe Wild | 0-0: Ball 1-0: Called Strike 1-1: Ball 2-1: Ball 3-1: Base on Balls | Batting: LHB José Méndez | 0-0: Called Strike 0-1: Swinging Strike 0-2: Ball 1-2: Strikes out looking | Batting: SHB Roy Johnston | 0-0: Ball 1-0: Called Strike 1-1: Called Strike 1-2: Strikes out swinging | Top of the 9th over - 0 runs, 0 hits, 0 errors, 1 left on base; Miami 3 - Southern California 11 | |